cohdb
Replays
Latest Replays
All Replays
Popular Replays
Top Player Replays
Match Explorer
How It Works
Community
CoH3 Stats
Reddit
Sign in to upload your games and track your stats! →
Sign in with Steam
Match 45577503
Unlisted
Match 45577503
Overview
Messages
Build Orders
End
Kradschützen Motorcycle Team
Panzergrenadier Squad
Panzergrenadier Squad
Panzergrenadier Squad
Construct Light Support Kompanie
2.5-tonne Medical Truck
Fire Support Elements
Veteran Squad Leaders
Selects Italian Infantry
Selects Guastatori Squad
Pak 38 Mechanized Group
2.5-tonne Medical Truck
Selects Defensive Operations
Construct Panzerarmee Kommand
Selects Registered Artillery
Armored Reserves
Registered Artillery
Selects Prepared Positions
Panzer IV Assault Group
Guastatori Squad
Walking Stuka Rocket Launcher
Vehicle Survival Package
Selects Obice 305mm Barrage
Tiger Heavy Tank
Clumsy
咖喱
Feldwebel21
ionwood
CPU - Very Easy
MähnGiL
Barbarossa
SDW2
0
0
Comments
sign in to comment!
No comments posted yet!